 Dungeon Crawl Stone Soup version 0.17.1-1-g73c8601 (webtiles) character file.

527 Peloso the Skirmisher (level 7, -6/61 HPs)
             Began as a Hill Orc Fighter on Jan 3, 2016.
             Mangled by a gnoll
             ... wielding a +0 halberd
              (12 damage)
             ... on level 5 of the Dungeon.
             The game lasted 00:10:47 (3987 turns).

Peloso the Skirmisher (Hill Orc Fighter)            Turns: 3987, Time: 00:10:47

Health: -6/61      AC:  7    Str: 26    XL:     7   Next: 23%
Magic:  7/7        EV:  9    Int:  8    God:
Gold:   263        SH: 10    Dex: 10    Spells: 0 memorised, 6 levels left

rFire  . . .     SeeInvis .     a - +0 long sword
rCold  . . .     Clarity  .     i - +0 scale mail (curse)
rNeg   . . .     SustAt   .     c - +0 shield
rPois  .         Gourm    .     (no helmet)
rElec  .         Spirit   .     (no cloak)
rCorr  .         Warding  .     (no gloves)
rMut   .         Stasis   .     (no boots)
MR     .....                    (no amulet)
Stlth  ..........               (no ring)
                                (no ring)

@: mighty, not resistant to hostile enchantments, extremely unstealthy
A: no striking features
a: no special abilities


You were on level 5 of the Dungeon.
You were not hungry.

You visited 1 branch of the dungeon, and saw 5 of its levels.

You collected 263 gold pieces.

Inventory:

Hand Weapons
 a - a +0 long sword (weapon)
 g - a +1 antimagic hand axe
Armour
 b - a +0 scale mail
 c - a +0 shield (worn)
 i - a cursed +0 scale mail (worn)
Jewellery
 w - an uncursed ring of stealth {unknown}
Wands
 s - a wand of polymorph (18)
Scrolls
 j - a scroll of noise {unknown}
 k - 9 scrolls of identify {unknown}
 m - 2 scrolls of recharging {unknown}
 n - a scroll of fog {unknown}
 p - a scroll of amnesia {unknown}
 v - a scroll of magic mapping {unknown}
Potions
 h - 2 potions of heal wounds
 l - a potion of haste {unknown}
 o - a potion of curing {unknown}
 q - a potion of berserk rage {unknown}
 t - a potion of agility {unknown}
 u - a potion of poison {unknown}
 x - 2 potions of magic {unknown}
 A - a potion of lignification {unknown}
Books
 r - an Akashic Record

   Spells                             Type                      Level
   a - Dispersal                      Translocation                6
   b - Malign Gateway                 Summoning/Translocation      7
   c - Disjunction                    Translocation                8
   d - Controlled Blink               Translocation                8
Comestibles
 e - 4 bread rations
 f - 4 meat rations


   Skills:
 + Level 5.2 Fighting
 + Level 3.8 Long Blades
 + Level 5.0 Armour
 + Level 2.3 Dodging
 + Level 0.3 Stealth
 + Level 5.1 Shields


You had 6 spell levels left.
You didn't know any spells.

Dungeon Overview and Level Annotations

Branches:
Dungeon (5/15)
 Temple: D:4-7

Altars:
Makhleb
Nemelex Xobeh
Sif Muna
Yredelemnul

Annotations:
D:5 Eustachio


Message History

All of the chunks of flesh in your inventory have rotted away.
Drink which item? (? for menu, Esc to quit)
You feel very mighty all of a sudden.
The ufetubus disappears in a puff of smoke!
The gnoll hits you from afar with a spear.
* * * LOW HITPOINT WARNING * * *
The gnoll misses you. The gnoll hits you with a spear!
* * * LOW HITPOINT WARNING * * *
You block the gnoll's attack. The gnoll closely misses you.
Unknown command.
You hit the gnoll.
The gnoll is heavily wounded.
The gnoll barely misses you. The gnoll hits you but does no damage.
You block the gnoll's attack. The gnoll hits you but does no damage.
You barely miss the gnoll.
The gnoll is heavily wounded.
You block the gnoll's attack. The gnoll closely misses you.
The gnoll hits you from afar with a halberd!
You die... ....... .. ......5 ..# .....". .... ... ....... ..... #.### 5(..... ...... ...# gh.....

.....
#.#######gg..$..
... #..#....@g#
#.###....######
#####......###
#..........#####
...............#
.............#.#
.............#.##
$................
.............###


You could see a hound, 4 gnolls, a white imp and an ufetubus (wandering).

Vanquished Creatures
  Edmund (D:4)
  The ghost of ZiggyStardust the Skirmisher, a weakling DsBe of Trog (D:3)
  A hound (D:4)
  2 giant frog skeletons
  4 orc wizards (D:3)
  4 gnolls (D:2)
  5 adders
  An adder zombie (D:2)
  2 worms
  3 giant geckos (D:1)
  17 orcs
  3 bats
  A bat zombie (D:2)
  4 giant cockroaches
  6 goblins
  5 hobgoblins
  4 jackals
  7 kobolds
  2 quokkas (D:4)
  2 ball pythons
  A giant gecko skeleton (D:2)
  3 giant newts
  5 rats
84 creatures vanquished.

Vanquished Creatures (others)
  An orc wizard (D:3)
1 creature vanquished.

Grand Total: 85 creatures vanquished

Notes
Turn   | Place    | Note
--------------------------------------------------------------
     0 | D:1      | Peloso the Hill Orc Fighter began the quest for the Orb.
     0 | D:1      | Reached XP level 1. HP: 19/19 MP: 1/1
   172 | D:1      | Found a sparkling altar of Nemelex Xobeh.
   199 | D:1      | Reached skill level 4 in Fighting
   199 | D:1      | Reached XP level 2. HP: 9/27 MP: 2/2
   828 | D:2      | Reached XP level 3. HP: 31/33 MP: 3/3
   905 | D:2      | Reached XP level 4. HP: 14/40 MP: 4/4
  1249 | D:2      | Reached skill level 1 in Dodging
  1633 | D:3      | Reached XP level 5. HP: 27/47 MP: 5/5
  1680 | D:3      | Noticed ZiggyStardust's ghost (weakling DsBe)
  2127 | D:3      | Killed ZiggyStardust's ghost
  2522 | D:3      | Found a basalt altar of Yredelemnul.
  2523 | D:3      | Reached XP level 6. HP: 55/55 MP: 6/6
  2533 | D:3      | Reached skill level 5 in Fighting
  2763 | D:4      | Noticed Edmund
  3329 | D:4      | Found a burning altar of Makhleb.
  3330 | D:4      | Found a deep blue altar of Sif Muna.
  3358 | D:4      | Killed Edmund
  3358 | D:4      | Reached XP level 7. HP: 7/61 MP: 7/7
  3736 | D:4      | Reached skill level 5 in Shields
  3905 | D:5      | Entered Level 5 of the Dungeon
  3957 | D:5      | Reached skill level 5 in Armour
  3967 | D:5      | Noticed Eustachio
  3979 | D:5      | HP: 3/61 [gnoll/spear (2)]
  3987 | D:5      | Mangled by a gnoll

Action                   |  1- 3 |  4- 6 |  7- 9 || total
-------------------------+-------+-------+-------++-------
Melee: Long sword        |   117 |   316 |    56 ||   489
  Use: Potion            |       |     1 |     2 ||     3
  Eat: Chunk             |       |     9 |     2 ||    11
